 Dungeon Crawl Stone Soup version 0.30-a0-847-g17996783a1 (webtiles) character file.

Game seed: 16142347271975975025

414 cforsyth the Sneak (level 7, -2/44 HPs)
             Began as a Kobold Brigand on Mar 4, 2023.
             Slain by a gnoll
             ... wielding a +3 whip of electrocution
              (12 damage)
             ... on level 3 of the Dungeon.
             The game lasted 00:04:01 (2669 turns).

cforsyth the Sneak (Kobold Brigand)                 Turns: 2669, Time: 00:04:02

Health: -2/44      AC:  3    Str:  9    XL:     7   Next: 14%
Magic:  7/7        EV: 16    Int: 12    God:
Gold:   61         SH:  0    Dex: 18    Spells: 6/6 levels left

rFire   . . .      SeeInvis .    a - +2 dagger
rCold   . . .      Faith    .    (no shield)
rNeg    . . .      Spirit   .    b - +0 robe
rPois   .          Reflect  .    (no helmet)
rElec   .          Rampage  .    c - +0 cloak
rCorr   .                        (no gloves)
Will    .....                    (no boots)
Stlth   +++++                    (no amulet)
HPRegen 0.27/turn                (no ring)
MPRegen 0.10/turn                (no ring)

@: no status effects
A: small, no large weapons, nightstalker 3
a: no special abilities


You were on level 3 of the Dungeon.
You visited 1 branch of the dungeon, and saw 3 of its levels.

You collected 61 gold pieces.

Inventory:

Hand Weapons
 a - a +2 dagger (weapon)
Missiles
 d - 9 poisoned darts (quivered)
 e - 3 curare-tipped darts
Armour
 b - a +0 robe (worn)
 c - a +0 cloak (worn)
Jewellery
 m - a ring of poison resistance
 p - an amulet of the acrobat
Scrolls
 g - a scroll of fear
 h - 5 scrolls of magic mapping {unknown}
 j - a scroll of summoning {unknown}
 r - a scroll of torment {unknown}
 s - a scroll of poison {unknown}
 u - a scroll of amnesia {unknown}
Potions
 f - a potion of flight
 i - 3 potions of berserk rage {unknown}
 k - 3 potions of curing
 l - a potion of degeneration {unknown}
 n - a potion of might {unknown}
 o - 2 potions of brilliance {unknown}
 q - a potion of resistance {unknown}
 t - a potion of attraction {unknown}


   Skills:
 + Level 4.3 Fighting
 + Level 5.1 Short Blades
 - Level 2.1 Throwing
 + Level 4.1 Dodging
 + Level 7.2 Stealth


You had 6 spell levels left.
You didn't know any spells.
Your spell library contained the following spells:

 Spells                   Type           Power      Damage    Failure   Level
 Ignite Poison            Fire/Tmut/Pois 0%         N/A       69%         3
 Kindle Blastsparks       Fire/Tloc/Air  0%         2d10      69%         3
 Fulminant Prism          Conj/Hex       0%         3d5       97%         4
 Iskenderun's Mystic Bla  Conj/Tloc      0%         2d3       97%         4
 Freezing Cloud           Conj/Ice/Air   0%         6-21      100%        5
 Lee's Rapid Deconstruct  Erth           0%         3d4*      100%        5


Dungeon Overview and Level Annotations

Branches:
Dungeon (3/15)

Altars:


Innate Abilities, Weirdness & Mutations

You are small and have problems with some larger weapons.
You are completely attuned to the shadows.


Message History

You hit the gnoll but do no damage.
The gnoll is moderately wounded.
The gnoll barely misses you.
You barely miss the gnoll.
The gnoll is moderately wounded.
The gnoll hits you with a +3 whip of electrocution!
* * * LOW HITPOINT WARNING * * *
You closely miss the gnoll.
The gnoll is moderately wounded.
The gnoll hits you with a +3 whip of electrocution.
* * * LOW HITPOINT WARNING * * *
You closely miss the gnoll. You punch the gnoll, but do no damage.
The gnoll is moderately wounded.
You feel better. The gnoll misses you.
You hit the gnoll but do no damage.
The gnoll is moderately wounded.
The gnoll completely misses you.
You hit the gnoll but do no damage.
The gnoll is moderately wounded.
The gnoll misses you.
You completely miss the gnoll.
The gnoll is moderately wounded.
The gnoll hits you with a +3 whip of electrocution.
* * * LOW HITPOINT WARNING * * *
You hit the gnoll but do no damage.
The gnoll is moderately wounded.
You hit the gnoll.
The gnoll is severely wounded.
The gnoll hits you with a +3 whip of electrocution!
* * * LOW HITPOINT WARNING * * *
You feel better. The gnoll misses you.
You closely miss the gnoll. You punch the gnoll, but do no damage.
The gnoll is severely wounded.
The gnoll completely misses you.
You closely miss the gnoll.
The gnoll is severely wounded.
The gnoll hits you with a +3 whip of electrocution.
* * * LOW HITPOINT WARNING * * *
You are electrocuted!
You die...

... ### ...
..##### #.#
#.....###.#
#..###.##.########
#..# #...<.......#
#..# #..#.#.####.#
#.#....##.##.# #.#
#.##.#.#.## #@# #.
#...## #g# ##.##
#?# #.# #># #.#
#.# #..


You could see a gnoll.

Vanquished Creatures
  Sigmund (D:2)
  Jessica (D:2)
  Natasha (twice) (D:2)
  Terence (D:2)
  2 gnolls (D:3)
  4 adders (D:2)
  4 worms (D:2)
  A dart slug (D:1)
  10 endoplasms
  5 giant cockroaches
  3 hobgoblins
  12 jackals
  2 kobolds (D:2)
  2 quokkas (D:1)
  4 ball pythons
  9 bats
  4 frilled lizards
  9 goblins
  A rat (D:1)
77 creatures vanquished.

Notes
Turn   | Place    | Note
-------+----------+-------------------------------------------
     0 | D:1      | cforsyth the Kobold Brigand began the quest for the Orb.
     0 | D:1      | Reached XP level 1. HP: 12/12 MP: 1/1
    67 | D:1      | Reached XP level 2. HP: 8/18 MP: 2/2
   279 | D:1      | Reached XP level 3. HP: 16/22 MP: 3/3
   311 | D:1      | HP: 1/22 [jackal (2)]
   478 | D:1      | You fall into a shaft and drop 1 floor!
   529 | D:2      | Noticed Jessica
   553 | D:2      | Killed Jessica
   554 | D:2      | Reached skill level 6 in Stealth
   554 | D:2      | Reached XP level 4. HP: 20/28 MP: 4/4
   812 | D:2      | Noticed Natasha
   818 | D:2      | Reached XP level 5. HP: 32/32 MP: 5/5
   840 | D:2      | Killed Natasha
   962 | D:2      | Noticed Natasha
   979 | D:2      | Killed Natasha
  1388 | D:2      | Noticed Sigmund
  1401 | D:2      | Killed Sigmund
  1402 | D:2      | Reached skill level 7 in Stealth
  1402 | D:2      | Reached XP level 6. HP: 38/38 MP: 6/6
  1642 | D:1      | Reached skill level 5 in Short Blades
  2160 | D:2      | Found a faded altar of an unknown god.
  2258 | D:2      | Noticed Terence
  2282 | D:2      | Reached XP level 7. HP: 39/43 MP: 7/7
  2292 | D:2      | Killed Terence
  2669 | D:3      | Slain by a gnoll

Illustrated notes

Levels and vault maps discovered:
D:1:      lemuel_arrival_tunnels, layout_loops_ring, minmay_worlds_worst_comb
D:2:      layout_loops_ring, basic_ecumenical_altar, chequers_arboretum,
          uniq_sigmund, uniq_natasha, uniq_jessica, uniq_terence
D:3:      layout_loops_ring, nicolae_tso_besieged_by_evil,
          hellmonk_ghost_happy_afterlife

Skill      XL: |  1  2  3  4  5  6 |
---------------+-------------------+-----
Short Blades   | 3 4 5 |  5.1
Dodging        | 2 3 4 |  4.1
Fighting       | 3 4 |  4.3
Stealth        | 6 7 |  7.2
Throwing       | |  2.1

Action                     |  1- 3 |  4- 6 |  7- 9 || total
---------------------------+-------+-------+-------++-------
  Melee: Dagger            |   123 |   139 |    59 ||   321
         Punch             |       |       |     2 ||     2
    Use: Potion            |     1 |       |     2 ||     3
         Scroll            |     1 |       |       ||     1
   Stab: Sleeping          |     6 |    20 |     1 ||    27
         Distracted        |       |     1 |       ||     1
 Armour: Robe              |    19 |    18 |     2 ||    39
  Dodge: Dodged            |    97 |    81 |    24 ||   202

Table legend: (Time is in decaauts)
 A = Elapsed time spent in this place.
 B = Non-inter-level travel time spent in this place.
 C = Inter-level travel time spent in this place.
 D = Time resting spent in this place.
 E = Time spent auto-exploring this place.
 F = Levels seen in this place.
 G = Mean time per level.
                   A        B        C        D        E       F      G
               +--------+--------+--------+--------+--------+-----+--------+
         Total |   2612 |   2577 |     35 |    331 |   1718 |   3 |  870.7 |
       Dungeon |   2612 |   2577 |     35 |    331 |   1718 |   3 |  870.7 |
               +--------+--------+--------+--------+--------+-----+--------+

Top non-repeatable levels by time:
     D:2: 1373 daAuts
     D:1: 1136 daAuts
     D:3: 103 daAuts
